[ AOE2 MATCH · #478580052 ]
UnrankedMongols vs Mongols
[ REPLAY ANALYSIS · EXTRACTED FROM THE RECORDED GAME ]
Feudal
11:28
Castle
15:36
Imperial
29:32
| APM avg | 33.2 |
| APM peak | 58 |
| eAPM avg | 22.2 |
| Villagers / military | 140 / 257 |
Focus
⚔️ 33.6% · 🌾 66.4%
Mangudai ×225 · Battering Ram ×13 · Mangonel ×11 · Fishing Ship ×10 · Trade Cart ×7 · Trebuchet (Packed) ×7
Feudal
10:58
Castle
22:51
Imperial
34:48
| APM avg | 35.6 |
| APM peak | 74 |
| eAPM avg | 21.4 |
| Villagers / military | 127 / 173 |
Focus
⚔️ 38.7% · 🌾 61.3%
Skirmisher ×141 · Mangudai ×17 · Militia ×5 · Mangonel ×5 · Trade Cart ×5 · Archer ×4
Feudal
9:22
Castle
18:01
Imperial
34:07
| APM avg | 34.7 |
| APM peak | 75 |
| eAPM avg | 17.1 |
| Villagers / military | 128 / 82 |
Focus
⚔️ 27.9% · 🌾 72.1%
Spearman ×73 · Mangonel ×5 · Militia ×4
Feudal
11:47
Castle
15:55
Imperial
29:20
| APM avg | 49.7 |
| APM peak | 113 |
| eAPM avg | 31.1 |
| Villagers / military | 194 / 300 |
Focus
⚔️ 41.4% · 🌾 58.6%
Boyar ×298 · Fishing Ship ×5 · Monk ×2
Feudal
10:43
Castle
14:58
Imperial
29:45
| APM avg | 58.1 |
| APM peak | 109 |
| eAPM avg | 33.2 |
| Villagers / military | 305 / 188 |
Focus
⚔️ 16.7% · 🌾 83.3%
Knight ×181 · Fishing Ship ×18 · Monk ×4 · Mangonel ×2 · Trebuchet (Packed) ×1
Feudal
11:11
Castle
15:14
Imperial
29:48
| APM avg | 32.7 |
| APM peak | 83 |
| eAPM avg | 20.1 |
| Villagers / military | 223 / 297 |
Focus
⚔️ 25.8% · 🌾 74.2%
Knight ×210 · Spearman ×86 · Trade Cart ×12 · Monk ×1
Feudal
9:18
Castle
16:54
Imperial
29:30
| APM avg | 65.8 |
| APM peak | 119 |
| eAPM avg | 39.9 |
| Villagers / military | 91 / 133 |
Focus
⚔️ 68.9% · 🌾 31.1%
Genoese Crossbowman ×128 · Fishing Ship ×31 · Trebuchet (Packed) ×3 · Monk ×1 · Petard ×1
Feudal
11:06
Castle
24:22
Imperial
32:25
| APM avg | 52.8 |
| APM peak | 83 |
| eAPM avg | 23.1 |
| Villagers / military | 155 / 136 |
Focus
⚔️ 40.5% · 🌾 59.5%
Archer ×88 · Mameluke ×45 · Trade Cart ×10 · Monk ×1 · Mangonel ×1 · Trebuchet (Packed) ×1
Match map
Initial resources + every placement click. Lines = walls · curves = elevation contours. ◆ gold · ⬟ stone · ● berries · ✦ relic · ◌ wall gap
Your base· Open — opponent sealed themselves in
Hebron's base· ✓ Closed at 22:51 · 47t walls · 1 gate(s)
Quinton_'s base· ✓ Closed at 18:01 · 32t walls · no gate
BF_Xin's base· ✓ Closed at 15:55 · 0t walls · no gate
小三輪司機's base· Open — opponent sealed themselves in
Snitzelyd's base· ✓ Closed at 15:14 · 0t walls · no gate
King Cani's base· ✓ Closed at 16:54 · 16t walls · no gate
Angel_LeAr's base· ✓ Closed at 24:22 · 12t walls · no gate
Smoothed initial terrain · ◌ = detected wall gap · hover for details
Inputs per minute
— Barbecue - - Hebron
Build order — Barbecue
First 150 of 453 actions detected
| 0:01 | Create | Villager (Male) |
| 0:03 | Build | House |
| 0:04 | Build | House |
| 0:08 | Create | Villager (Male) |
| 0:30 | Create | Villager (Male) |
| 0:30 | Create | Villager (Male) |
| 1:32 | Create | Villager (Male) |
| 2:02 | Create | Villager (Male) |
| 2:03 | Create | Villager (Male) |
| 2:15 | Build | Lumber Camp |
| 2:56 | Create | Villager (Male) |
| 3:07 | Build | House |
| 3:14 | Create | Villager (Male) |
| 3:36 | Create | Villager (Male) |
| 3:39 | Create | Villager (Male) |
| 4:01 | Create | Villager (Male) |
| 4:29 | Build | Dock |
| 4:34 | Create | Villager (Male) |
| 4:34 | Create | Villager (Male) |
| 4:59 | Create | Villager (Male) |
| 5:08 | Build | House |
| 5:12 | Create | Fishing Ship |
| 5:37 | Create | Villager (Male) |
| 5:53 | Create | Fishing Ship |
| 6:08 | Create | Villager (Male) |
| 6:24 | Create | Villager (Male) |
| 6:45 | Build | House |
| 7:10 | Create | Villager (Male) |
| 7:12 | Create | Fishing Ship |
| 7:30 | Create | Fishing Ship |
| 7:37 | Create | Villager (Male) |
| 8:03 | Create | Villager (Male) |
| 8:08 | Create | Villager (Male) |
| 8:28 | Create | Villager (Male) |
| 8:30 | Build | Lumber Camp |
| 8:40 | Build | House |
| 9:10 | Research | Feudal Age |
| 9:51 | Create | Villager (Male) |
| 10:04 | Build | Mill |
| 11:05 | Create | Villager (Male) |
| 11:06 | Create | Villager (Male) |
| 11:28 | Age | Feudal Age |
| 11:32 | Build | Market |
| 11:38 | Build | Blacksmith |
| 11:52 | Create | Fishing Ship |
| 11:58 | Research | Double-Bit Axe |
| 12:50 | Build | Fish Trap |
| 12:54 | Build | Fish Trap |
| 12:56 | Research | Castle Age |
| 13:12 | Build | Lumber Camp |
| 13:18 | Build | Farm |
| 13:25 | Build | Fish Trap |
| 13:28 | Research | Tech 906 |
| 13:34 | Create | Fishing Ship |
| 13:39 | Create | Villager (Male) |
| 14:19 | Build | House |
| 14:38 | Build | Fish Trap |
| 14:47 | Build | Fish Trap |
| 14:51 | Create | Villager (Male) |
| 14:56 | Build | Farm |
| 15:02 | Build | House |
| 15:06 | Build | Palisade Wall |
| 15:18 | Build | House |
| 15:21 | Build | Palisade Wall |
| 15:28 | Build | Palisade Wall |
| 15:36 | Age | Castle Age |
| 15:44 | Build | Town Center |
| 15:46 | Create | Fishing Ship |
| 16:02 | Research | Bow Saw |
| 16:03 | Research | Horse Collar |
| 16:08 | Build | Town Center |
| 16:14 | Create | Fishing Ship |
| 16:16 | Create | Villager (Male) |
| 16:18 | Research | Wheelbarrow |
| 16:38 | Create | Villager (Male) |
| 16:49 | Create | Villager (Male) |
| 16:54 | Build | Fish Trap |
| 16:56 | Build | Fish Trap |
| 16:59 | Create | Villager (Male) |
| 17:04 | Create | Villager (Male) |
| 17:11 | Build | Fish Trap |
| 17:12 | Create | Fishing Ship |
| 17:14 | Create | Villager (Male) |
| 17:15 | Create | Villager (Male) |
| 17:26 | Create | Villager (Male) |
| 17:27 | Create | Villager (Male) |
| 17:31 | Create | Villager (Male) |
| 17:35 | Create | Villager (Male) |
| 17:43 | Create | Fishing Ship |
| 17:45 | Create | Villager (Male) |
| 18:02 | Create | Villager (Male) |
| 18:08 | Build | Farm |
| 18:10 | Build | Farm |
| 18:25 | Create | Villager (Male) |
| 18:28 | Build | Gate |
| 18:31 | Build | Stone Wall |
| 18:33 | Create | Villager (Male) |
| 18:37 | Create | Villager (Male) |
| 18:38 | Create | Villager (Male) |
| 18:45 | Research | Hand Cart |
| 18:49 | Build | Fish Trap |
| 18:53 | Build | Fish Trap |
| 18:55 | Create | Villager (Male) |
| 18:59 | Create | Villager (Male) |
| 19:04 | Create | Villager (Male) |
| 19:16 | Build | Farm |
| 19:17 | Build | Farm |
| 19:17 | Create | Villager (Male) |
| 19:18 | Create | Villager (Male) |
| 19:27 | Build | House |
| 19:32 | Build | House |
| 19:33 | Build | House |
| 19:36 | Create | Villager (Male) |
| 19:43 | Research | Gillnets |
| 19:51 | Build | Town Center |
| 19:52 | Create | Villager (Male) |
| 20:00 | Build | Farm |
| 20:01 | Build | Farm |
| 20:03 | Create | Villager (Male) |
| 20:03 | Create | Villager (Male) |
| 20:09 | Create | Villager (Male) |
| 20:19 | Build | Gate |
| 20:23 | Build | Stone Wall |
| 20:25 | Create | Villager (Male) |
| 20:29 | Create | Villager (Male) |
| 20:38 | Create | Villager (Male) |
| 20:39 | Create | Villager (Male) |
| 20:47 | Build | Farm |
| 20:48 | Build | Farm |
| 20:49 | Create | Villager (Male) |
| 20:50 | Create | Villager (Male) |
| 20:59 | Build | Town Center |
| 21:00 | Create | Villager (Male) |
| 21:02 | Build | Farm |
| 21:02 | Build | Farm |
| 21:02 | Build | Farm |
| 21:02 | Build | Farm |
| 21:06 | Build | House |
| 21:10 | Build | House |
| 21:11 | Create | Villager (Male) |
| 21:11 | Create | Villager (Male) |
| 21:18 | Research | Heavy Plow |
| 21:23 | Create | Villager (Male) |
| 21:29 | Build | Farm |
| 21:30 | Build | Farm |
| 21:31 | Create | Villager (Male) |
| 21:32 | Create | Villager (Male) |
| 21:38 | Build | House |
| 21:43 | Build | Farm |
| 21:46 | Build | House |
Build order — Hebron
First 150 of 457 actions detected
| 0:01 | Create | Villager (Male) |
| 0:02 | Create | Villager (Male) |
| 0:02 | Build | House |
| 0:04 | Build | House |
| 0:17 | Create | Villager (Male) |
| 0:17 | Create | Villager (Male) |
| 0:37 | Build | Palisade Wall |
| 0:48 | Research | Loom |
| 1:04 | Create | Villager (Male) |
| 1:04 | Create | Villager (Male) |
| 1:44 | Create | Villager (Male) |
| 1:54 | Build | Palisade Wall |
| 2:33 | Create | Villager (Male) |
| 2:34 | Create | Villager (Male) |
| 3:10 | Build | Palisade Wall |
| 3:11 | Build | Palisade Wall |
| 3:16 | Create | Villager (Male) |
| 3:16 | Create | Villager (Male) |
| 3:25 | Build | Lumber Camp |
| 3:45 | Create | Villager (Male) |
| 3:45 | Create | Villager (Male) |
| 3:51 | Build | Palisade Wall |
| 4:17 | Create | Villager (Male) |
| 4:17 | Create | Villager (Male) |
| 4:46 | Create | Villager (Male) |
| 4:47 | Create | Villager (Male) |
| 5:15 | Create | Villager (Male) |
| 5:15 | Create | Villager (Male) |
| 5:15 | Create | Villager (Male) |
| 5:50 | Create | Villager (Male) |
| 5:50 | Create | Villager (Male) |
| 6:12 | Build | House |
| 6:18 | Create | Villager (Male) |
| 6:19 | Create | Villager (Male) |
| 6:21 | Build | Mill |
| 6:30 | Build | Palisade Wall |
| 6:37 | Create | Villager (Male) |
| 6:37 | Create | Villager (Male) |
| 6:55 | Create | Villager (Male) |
| 6:55 | Create | Villager (Male) |
| 7:03 | Build | Palisade Wall |
| 7:08 | Create | Villager (Male) |
| 7:08 | Create | Villager (Male) |
| 8:03 | Build | House |
| 8:36 | Research | Feudal Age |
| 9:00 | Build | Barracks |
| 9:59 | Create | Militia |
| 10:00 | Create | Militia |
| 10:06 | Build | Mining Camp |
| 10:45 | Create | Villager (Male) |
| 10:46 | Create | Villager (Male) |
| 10:58 | Age | Feudal Age |
| 11:01 | Build | Watch Tower |
| 11:08 | Research | Man-at-Arms (upgrade) |
| 11:27 | Create | Villager (Male) |
| 11:44 | Build | Lumber Camp |
| 11:46 | Create | Militia |
| 12:11 | Create | Militia |
| 12:11 | Create | Militia |
| 12:21 | Create | Villager (Male) |
| 12:21 | Create | Villager (Male) |
| 12:32 | Create | Villager (Male) |
| 12:52 | Create | Villager (Male) |
| 12:54 | Build | House |
| 12:59 | Build | Archery Range |
| 13:10 | Create | Villager (Male) |
| 13:14 | Build | Farm |
| 13:34 | Create | Villager (Male) |
| 13:48 | Create | Villager (Male) |
| 14:00 | Create | Archer |
| 14:01 | Create | Archer |
| 14:27 | Create | Villager (Male) |
| 14:30 | Build | Farm |
| 14:30 | Build | Farm |
| 14:30 | Build | Farm |
| 15:01 | Create | Skirmisher |
| 15:07 | Build | Stone Wall |
| 15:09 | Build | Gate |
| 15:20 | Build | Stone Wall |
| 15:42 | Create | Archer |
| 15:43 | Create | Villager (Male) |
| 15:43 | Create | Villager (Male) |
| 15:45 | Build | Farm |
| 15:49 | Build | Farm |
| 15:50 | Build | Farm |
| 15:50 | Build | Farm |
| 15:50 | Build | Farm |
| 15:56 | Build | Mill |
| 16:24 | Build | Stone Wall |
| 16:41 | Create | Villager (Male) |
| 16:42 | Create | Villager (Male) |
| 16:45 | Build | Stone Wall |
| 16:55 | Create | Villager (Male) |
| 16:59 | Build | House |
| 17:16 | Create | Villager (Male) |
| 17:35 | Build | Lumber Camp |
| 18:11 | Create | Villager (Male) |
| 18:13 | Build | House |
| 18:15 | Build | House |
| 18:19 | Build | Market |
| 18:38 | Build | Farm |
| 18:41 | Build | Farm |
| 18:47 | Create | Villager (Male) |
| 19:07 | Create | Villager (Male) |
| 19:15 | Build | Stone Wall |
| 19:34 | Build | Blacksmith |
| 19:37 | Create | Villager (Male) |
| 19:38 | Research | Double-Bit Axe |
| 19:38 | Research | Double-Bit Axe |
| 20:06 | Build | Mining Camp |
| 20:10 | Build | Mining Camp |
| 20:11 | Research | Castle Age |
| 20:11 | Research | Castle Age |
| 20:11 | Research | Castle Age |
| 20:20 | Build | Watch Tower |
| 20:25 | Build | Farm |
| 21:40 | Create | Villager (Male) |
| 21:48 | Research | Stone Mining |
| 21:48 | Research | Stone Mining |
| 22:28 | Research | Fletching |
| 22:51 | Age | Castle Age |
| 23:00 | Research | Bow Saw |
| 23:14 | Build | Castle |
| 23:19 | Create | Villager (Male) |
| 23:22 | Research | Horse Collar |
| 23:41 | Create | Villager (Male) |
| 23:53 | Research | Bodkin Arrow |
| 23:53 | Research | Bodkin Arrow |
| 23:59 | Build | Mining Camp |
| 24:23 | Create | Villager (Male) |
| 24:28 | Create | Mangudai |
| 24:28 | Create | Mangudai |
| 24:37 | Create | Villager (Male) |
| 24:37 | Create | Villager (Male) |
| 24:54 | Build | Mining Camp |
| 24:56 | Create | Mangudai |
| 25:03 | Create | Mangudai |
| 25:04 | Create | Villager (Male) |
| 25:04 | Create | Villager (Male) |
| 25:29 | Build | Siege Workshop |
| 25:37 | Create | Mangudai |
| 25:38 | Create | Villager (Male) |
| 25:38 | Create | Villager (Male) |
| 25:56 | Build | Siege Workshop |
| 25:58 | Create | Villager (Male) |
| 25:59 | Create | Mangudai |
| 26:05 | Build | University |
| 26:07 | Build | Farm |
| 26:07 | Build | Farm |
| 26:08 | Build | Farm |
Build order — Quinton_
First 150 of 355 actions detected
| 0:02 | Create | Villager (Male) ×4 |
| 0:04 | Build | House |
| 0:05 | Build | House |
| 1:30 | Create | Villager (Male) |
| 2:01 | Create | Villager (Male) |
| 2:01 | Create | Villager (Male) |
| 2:26 | Create | Villager (Male) |
| 2:26 | Create | Villager (Male) |
| 2:45 | Create | Villager (Male) |
| 2:45 | Create | Villager (Male) |
| 3:02 | Build | Palisade Wall |
| 3:05 | Build | House |
| 3:11 | Build | House |
| 3:23 | Build | House |
| 3:35 | Create | Villager (Male) |
| 3:35 | Create | Villager (Male) |
| 3:36 | Create | Villager (Male) |
| 3:52 | Create | Villager (Male) |
| 3:52 | Create | Villager (Male) |
| 3:57 | Build | House |
| 4:39 | Build | Lumber Camp |
| 4:55 | Create | Villager (Male) |
| 4:55 | Create | Villager (Male) |
| 5:11 | Create | Villager (Male) |
| 5:12 | Create | Villager (Male) |
| 5:12 | Create | Villager (Male) |
| 5:43 | Create | Villager (Male) |
| 5:43 | Create | Villager (Male) |
| 5:43 | Create | Villager (Male) |
| 6:30 | Build | Barracks |
| 7:12 | Research | Feudal Age |
| 8:07 | Build | House |
| 8:15 | Create | Militia |
| 8:16 | Create | Militia |
| 8:16 | Create | Militia |
| 8:29 | Build | House |
| 8:55 | Create | Villager (Male) |
| 8:55 | Create | Villager (Male) |
| 8:58 | Build | House |
| 9:07 | Create | Militia |
| 9:22 | Age | Feudal Age |
| 9:29 | Build | Watch Tower |
| 9:40 | Create | Villager (Male) |
| 9:40 | Create | Villager (Male) |
| 9:49 | Build | Mill |
| 10:56 | Build | Stone Wall |
| 11:03 | Build | Stone Wall |
| 11:13 | Create | Villager (Male) |
| 11:13 | Create | Villager (Male) |
| 11:13 | Create | Villager (Male) |
| 11:17 | Build | Farm |
| 11:19 | Build | Farm |
| 11:29 | Build | Mining Camp |
| 12:17 | Build | House |
| 12:20 | Create | Villager (Male) |
| 12:28 | Build | Market |
| 12:37 | Create | Villager (Male) |
| 12:51 | Build | House |
| 13:00 | Create | Villager (Male) |
| 13:31 | Create | Villager (Male) |
| 13:37 | Build | Blacksmith |
| 13:44 | Create | Villager (Male) |
| 14:34 | Create | Villager (Male) |
| 14:42 | Build | Farm |
| 15:21 | Research | Castle Age |
| 15:56 | Build | Mining Camp |
| 16:00 | Research | Double-Bit Axe |
| 17:11 | Research | Horse Collar |
| 17:45 | Build | Stone Wall |
| 17:52 | Build | Stone Wall |
| 18:00 | Build | Stone Wall |
| 18:01 | Age | Castle Age |
| 18:09 | Build | Stone Wall |
| 18:11 | Create | Villager (Male) |
| 18:11 | Create | Villager (Male) |
| 18:11 | Create | Villager (Male) |
| 18:23 | Build | Siege Workshop |
| 18:37 | Build | Town Center |
| 18:41 | Build | Farm |
| 19:04 | Create | Villager (Male) |
| 19:18 | Create | Mangonel |
| 19:19 | Create | Villager (Male) |
| 19:20 | Create | Villager (Male) |
| 19:30 | Build | Krepost |
| 19:55 | Research | Loom |
| 20:01 | Build | Farm |
| 20:03 | Create | Villager (Male) |
| 20:03 | Create | Villager (Male) |
| 20:25 | Build | Farm |
| 20:26 | Build | Farm |
| 20:26 | Build | Farm |
| 20:39 | Build | Stone Wall |
| 20:53 | Build | Stone Wall |
| 21:05 | Create | Villager (Male) |
| 21:05 | Create | Villager (Male) |
| 21:27 | Create | Villager (Male) |
| 21:30 | Build | Farm |
| 21:30 | Build | Farm |
| 21:31 | Build | Farm |
| 21:32 | Build | Farm |
| 21:38 | Build | Farm |
| 21:51 | Build | Krepost |
| 21:55 | Create | Villager (Male) |
| 21:58 | Build | Farm |
| 22:07 | Build | Farm |
| 22:07 | Build | Farm |
| 22:19 | Build | Stone Wall |
| 22:28 | Create | Villager (Male) |
| 22:28 | Create | Villager (Male) |
| 22:32 | Create | Villager (Male) |
| 22:32 | Create | Villager (Male) |
| 22:41 | Build | Farm |
| 22:42 | Build | Farm |
| 22:44 | Build | Farm |
| 22:53 | Create | Villager (Male) |
| 23:03 | Create | Villager (Male) |
| 23:06 | Build | Farm |
| 23:13 | Create | Villager (Male) |
| 23:13 | Create | Villager (Male) |
| 23:28 | Create | Villager (Male) |
| 23:28 | Create | Villager (Male) |
| 23:42 | Create | Villager (Male) |
| 23:42 | Create | Villager (Male) |
| 23:50 | Create | Villager (Male) |
| 24:01 | Create | Villager (Male) |
| 24:01 | Create | Villager (Male) |
| 24:07 | Build | Town Center |
| 24:10 | Create | Villager (Male) |
| 24:11 | Create | Villager (Male) |
| 24:19 | Create | Villager (Male) |
| 24:20 | Create | Villager (Male) |
| 24:32 | Create | Villager (Male) |
| 24:32 | Create | Villager (Male) |
| 24:52 | Build | University |
| 24:53 | Create | Villager (Male) |
| 24:53 | Create | Villager (Male) |
| 25:10 | Create | Villager (Male) |
| 25:10 | Create | Villager (Male) |
| 25:10 | Create | Villager (Male) |
| 25:14 | Build | Farm |
| 25:22 | Create | Villager (Male) |
| 25:22 | Create | Villager (Male) |
| 25:31 | Create | Villager (Male) |
| 25:37 | Build | Farm |
| 25:38 | Build | Farm |
| 25:39 | Build | Farm |
| 25:41 | Build | Farm |
| 25:45 | Build | Mill |
| 25:47 | Create | Villager (Male) |
| 25:47 | Create | Villager (Male) |
Build order — BF_Xin
First 150 of 731 actions detected
| 0:00 | Create | Villager (Male) |
| 0:01 | Create | Villager (Male) |
| 0:01 | Create | Villager (Male) |
| 0:02 | Build | House |
| 0:03 | Build | House |
| 0:08 | Create | Villager (Male) |
| 0:08 | Create | Villager (Male) |
| 1:16 | Build | House |
| 1:26 | Create | Villager (Male) |
| 1:53 | Create | Villager (Male) |
| 1:53 | Create | Villager (Male) |
| 2:11 | Build | Lumber Camp |
| 2:22 | Create | Villager (Male) |
| 2:22 | Create | Villager (Male) |
| 2:50 | Create | Villager (Male) |
| 2:50 | Create | Villager (Male) |
| 3:07 | Create | Villager (Male) |
| 3:07 | Create | Villager (Male) |
| 3:26 | Build | House |
| 3:36 | Create | Villager (Male) |
| 3:36 | Create | Villager (Male) |
| 3:37 | Build | House |
| 3:57 | Create | Villager (Male) |
| 3:58 | Create | Villager (Male) |
| 4:35 | Create | Villager (Male) |
| 4:35 | Create | Villager (Male) |
| 4:35 | Create | Villager (Male) |
| 5:06 | Build | Mill |
| 5:27 | Create | Villager (Male) |
| 5:27 | Create | Villager (Male) |
| 5:28 | Create | Villager (Male) |
| 5:28 | Create | Villager (Male) |
| 5:31 | Build | House |
| 5:47 | Create | Villager (Male) |
| 5:47 | Create | Villager (Male) |
| 6:42 | Create | Villager (Male) |
| 6:42 | Create | Villager (Male) |
| 6:44 | Create | Villager (Male) |
| 6:44 | Create | Villager (Male) |
| 6:45 | Create | Villager (Male) |
| 6:45 | Create | Villager (Male) |
| 7:12 | Build | House |
| 7:49 | Create | Villager (Male) |
| 7:49 | Create | Villager (Male) |
| 7:50 | Create | Villager (Male) |
| 7:50 | Create | Villager (Male) |
| 7:50 | Create | Villager (Male) |
| 7:51 | Create | Villager (Male) |
| 8:12 | Create | Villager (Male) |
| 8:25 | Create | Villager (Male) |
| 9:12 | Build | Dock |
| 9:22 | Research | Feudal Age |
| 9:22 | Research | Feudal Age |
| 9:22 | Research | Feudal Age |
| 9:22 | Research | Feudal Age |
| 9:22 | Research | Feudal Age |
| 9:32 | Build | Mining Camp |
| 10:09 | Create | Fishing Ship |
| 10:15 | Create | Fishing Ship |
| 10:15 | Create | Fishing Ship |
| 10:52 | Build | House |
| 11:47 | Create | Villager (Male) |
| 11:47 | Age | Feudal Age |
| 11:51 | Build | Market |
| 11:54 | Build | Blacksmith |
| 11:55 | Research | Double-Bit Axe |
| 11:55 | Research | Double-Bit Axe |
| 11:55 | Research | Double-Bit Axe |
| 11:55 | Research | Double-Bit Axe |
| 11:55 | Research | Double-Bit Axe |
| 12:02 | Create | Fishing Ship |
| 12:04 | Create | Villager (Male) |
| 12:34 | Create | Villager (Male) |
| 13:00 | Create | Fishing Ship |
| 13:15 | Research | Castle Age |
| 13:15 | Research | Castle Age |
| 13:15 | Research | Castle Age |
| 13:15 | Research | Castle Age |
| 13:15 | Research | Castle Age |
| 13:58 | Research | Horse Collar |
| 13:58 | Research | Horse Collar |
| 13:58 | Research | Horse Collar |
| 13:58 | Research | Horse Collar |
| 13:58 | Research | Horse Collar |
| 15:14 | Build | Farm |
| 15:15 | Build | Farm |
| 15:18 | Build | Farm |
| 15:18 | Build | House |
| 15:55 | Age | Castle Age |
| 16:02 | Build | Fish Trap |
| 16:03 | Research | Bow Saw |
| 16:03 | Research | Bow Saw |
| 16:03 | Research | Bow Saw |
| 16:04 | Research | Heavy Plow |
| 16:04 | Research | Heavy Plow |
| 16:04 | Research | Heavy Plow |
| 16:04 | Create | Villager (Male) |
| 16:07 | Create | Villager (Male) |
| 16:12 | Build | Town Center |
| 16:18 | Build | Fish Trap |
| 16:21 | Build | Fish Trap |
| 16:30 | Build | Town Center |
| 16:31 | Create | Villager (Male) |
| 16:47 | Build | House |
| 16:51 | Build | Fish Trap |
| 17:04 | Build | Fish Trap |
| 17:06 | Create | Villager (Male) |
| 17:06 | Create | Villager (Male) |
| 17:14 | Create | Villager (Male) |
| 17:28 | Build | Farm |
| 17:44 | Create | Villager (Male) |
| 17:45 | Create | Villager (Male) |
| 18:02 | Build | Town Center |
| 18:08 | Create | Villager (Male) |
| 18:09 | Create | Villager (Male) |
| 18:11 | Build | Farm |
| 18:12 | Build | Farm |
| 18:25 | Create | Villager (Male) |
| 18:28 | Create | Villager (Male) |
| 18:28 | Create | Villager (Male) |
| 18:39 | Build | Farm |
| 18:50 | Create | Villager (Male) |
| 18:51 | Create | Villager (Male) |
| 18:52 | Create | Villager (Male) |
| 18:52 | Create | Villager (Male) |
| 19:05 | Build | Town Center |
| 19:13 | Build | Farm |
| 19:15 | Create | Villager (Male) |
| 19:17 | Build | Farm |
| 19:20 | Build | Farm |
| 19:25 | Create | Villager (Male) |
| 19:27 | Create | Villager (Male) |
| 19:33 | Create | Villager (Male) |
| 19:40 | Build | Monastery |
| 19:47 | Build | Farm |
| 19:48 | Create | Villager (Male) |
| 19:53 | Create | Villager (Male) |
| 19:55 | Build | Farm |
| 19:59 | Create | Villager (Male) |
| 20:00 | Create | Villager (Male) |
| 20:04 | Build | Farm |
| 20:06 | Create | Villager (Male) |
| 20:06 | Create | Villager (Male) |
| 20:14 | Create | Villager (Male) |
| 20:17 | Build | Farm |
| 20:20 | Build | Farm |
| 20:26 | Create | Villager (Male) |
| 20:26 | Create | Villager (Male) |
| 20:27 | Create | Villager (Male) |
| 20:27 | Create | Villager (Male) |
Build order — 小三輪司機
First 150 of 682 actions detected
| 0:00 | Create | Villager (Male) |
| 0:01 | Create | Villager (Male) |
| 0:02 | Build | House |
| 0:03 | Build | House |
| 0:15 | Create | Villager (Male) |
| 0:15 | Create | Villager (Male) |
| 0:21 | Create | Villager (Male) |
| 0:21 | Create | Villager (Male) |
| 1:32 | Create | Villager (Male) |
| 1:32 | Create | Villager (Male) |
| 2:06 | Build | Lumber Camp |
| 2:22 | Create | Villager (Male) |
| 2:46 | Create | Villager (Male) |
| 2:46 | Create | Villager (Male) |
| 3:05 | Create | Villager (Male) |
| 3:05 | Create | Villager (Male) |
| 3:24 | Create | Villager (Male) |
| 3:25 | Create | Villager (Male) |
| 3:25 | Create | Villager (Male) |
| 4:05 | Create | Villager (Male) |
| 4:05 | Create | Villager (Male) |
| 4:22 | Create | Villager (Male) |
| 4:25 | Build | House |
| 5:15 | Create | Villager (Male) |
| 5:16 | Create | Villager (Male) |
| 5:32 | Build | House |
| 5:57 | Build | House |
| 6:08 | Create | Villager (Male) |
| 6:30 | Create | Villager (Male) |
| 6:32 | Build | Mill |
| 6:42 | Create | Villager (Male) |
| 7:21 | Create | Villager (Male) |
| 7:54 | Build | Mining Camp |
| 8:12 | Create | Villager (Male) |
| 8:39 | Research | Feudal Age |
| 8:55 | Build | Dock |
| 9:32 | Create | Villager (Male) |
| 10:21 | Create | Fishing Ship |
| 10:23 | Build | House |
| 10:43 | Age | Feudal Age |
| 10:45 | Create | Villager (Male) |
| 10:49 | Build | Blacksmith |
| 11:02 | Create | Villager (Male) |
| 11:09 | Build | Market |
| 11:50 | Create | Fishing Ship |
| 11:57 | Create | Villager (Male) |
| 12:33 | Research | Castle Age |
| 12:33 | Research | Castle Age |
| 12:42 | Create | Fishing Ship |
| 12:52 | Build | House |
| 13:00 | Build | Lumber Camp |
| 13:09 | Create | Fishing Ship |
| 13:42 | Build | House |
| 13:46 | Create | Fishing Ship |
| 13:54 | Research | Double-Bit Axe |
| 13:54 | Research | Double-Bit Axe |
| 14:34 | Build | House |
| 14:35 | Create | Fishing Ship |
| 14:41 | Build | House |
| 14:54 | Research | Horse Collar |
| 14:55 | Research | Horse Collar |
| 14:58 | Age | Castle Age |
| 14:59 | Create | Villager (Male) |
| 15:01 | Build | Town Center |
| 15:05 | Research | Bow Saw |
| 15:05 | Research | Bow Saw |
| 15:16 | Research | Tech 906 |
| 15:18 | Create | Villager (Male) |
| 15:26 | Build | House |
| 15:38 | Create | Villager (Male) |
| 15:50 | Build | Monastery |
| 16:02 | Create | Villager (Male) |
| 16:04 | Build | House |
| 16:15 | Create | Villager (Male) |
| 16:26 | Build | Fish Trap |
| 16:32 | Create | Villager (Male) |
| 16:33 | Create | Villager (Male) |
| 16:37 | Create | Fishing Ship |
| 16:39 | Build | Fish Trap |
| 16:43 | Create | Monk |
| 16:52 | Build | Farm |
| 16:53 | Build | Farm |
| 16:54 | Build | Farm |
| 17:03 | Build | Farm |
| 17:17 | Create | Villager (Male) |
| 17:25 | Build | Town Center |
| 17:29 | Create | Villager (Male) |
| 17:29 | Create | Villager (Male) |
| 17:38 | Create | Villager (Male) |
| 17:38 | Create | Villager (Male) |
| 17:45 | Build | Fish Trap |
| 17:46 | Create | Villager (Male) |
| 17:46 | Create | Villager (Male) |
| 17:48 | Create | Villager (Male) |
| 17:53 | Build | House |
| 18:02 | Create | Villager (Male) |
| 18:07 | Create | Villager (Male) |
| 18:18 | Create | Fishing Ship |
| 18:22 | Create | Villager (Male) |
| 18:31 | Build | Fish Trap |
| 18:32 | Create | Fishing Ship |
| 18:34 | Create | Villager (Male) |
| 18:47 | Create | Monk |
| 18:58 | Create | Villager (Male) |
| 19:05 | Build | Fish Trap |
| 19:14 | Build | Fish Trap |
| 19:19 | Create | Villager (Male) |
| 19:19 | Create | Villager (Male) |
| 19:25 | Build | Fish Trap |
| 19:28 | Build | Fish Trap |
| 19:31 | Build | Fish Trap |
| 19:34 | Create | Villager (Male) |
| 19:37 | Build | Farm |
| 19:37 | Build | Farm |
| 19:38 | Create | Villager (Male) |
| 19:42 | Create | Villager (Male) |
| 19:44 | Build | House |
| 19:45 | Build | House |
| 19:54 | Build | Dock |
| 19:55 | Create | Villager (Male) |
| 19:57 | Build | Farm |
| 19:59 | Create | Villager (Male) |
| 20:00 | Create | Villager (Male) |
| 20:03 | Create | Monk |
| 20:07 | Create | Villager (Male) |
| 20:12 | Create | Villager (Male) |
| 20:12 | Create | Villager (Male) |
| 20:21 | Build | Town Center |
| 20:29 | Create | Villager (Male) |
| 20:29 | Create | Villager (Male) |
| 20:29 | Create | Villager (Male) |
| 20:38 | Create | Fishing Ship |
| 20:43 | Create | Villager (Male) |
| 20:44 | Build | Farm |
| 20:47 | Build | Farm |
| 20:47 | Build | Farm |
| 20:55 | Create | Fishing Ship |
| 21:01 | Create | Fishing Ship |
| 21:02 | Create | Villager (Male) |
| 21:04 | Build | House |
| 21:05 | Build | House |
| 21:13 | Research | Wheelbarrow |
| 21:15 | Build | Farm |
| 21:30 | Build | Farm |
| 21:31 | Create | Villager (Male) |
| 21:38 | Build | Farm |
| 21:42 | Build | Fish Trap |
| 21:46 | Build | Fish Trap |
| 21:49 | Create | Fishing Ship |
| 21:52 | Create | Villager (Male) |
Build order — Snitzelyd
First 150 of 532 actions detected
| 0:00 | Create | Villager (Male) |
| 0:01 | Create | Villager (Male) |
| 0:02 | Build | House |
| 0:04 | Build | House |
| 0:11 | Create | Villager (Male) |
| 0:12 | Create | Villager (Male) |
| 1:45 | Create | Villager (Male) |
| 1:45 | Create | Villager (Male) |
| 1:53 | Build | Lumber Camp |
| 1:58 | Create | Villager (Male) |
| 1:58 | Create | Villager (Male) |
| 2:32 | Create | Villager (Male) |
| 2:32 | Create | Villager (Male) |
| 3:05 | Create | Villager (Male) |
| 3:05 | Create | Villager (Male) |
| 3:06 | Create | Villager (Male) |
| 3:48 | Create | Villager (Male) |
| 3:48 | Create | Villager (Male) |
| 3:55 | Create | Villager (Male) |
| 3:56 | Create | Villager (Male) |
| 4:04 | Build | House |
| 4:36 | Create | Villager (Male) |
| 4:37 | Create | Villager (Male) |
| 4:59 | Create | Villager (Male) |
| 5:00 | Create | Villager (Male) |
| 5:15 | Build | Mill |
| 5:21 | Build | House |
| 5:22 | Build | House |
| 5:29 | Create | Villager (Male) |
| 5:29 | Create | Villager (Male) |
| 6:00 | Create | Villager (Male) |
| 6:04 | Create | Villager (Male) |
| 6:05 | Create | Villager (Male) |
| 6:30 | Create | Villager (Male) |
| 6:30 | Create | Villager (Male) |
| 6:31 | Create | Villager (Male) |
| 7:05 | Create | Villager (Male) |
| 7:06 | Create | Villager (Male) |
| 7:40 | Create | Villager (Male) |
| 7:41 | Create | Villager (Male) |
| 8:02 | Create | Villager (Male) |
| 8:20 | Create | Villager (Male) |
| 8:20 | Create | Villager (Male) |
| 9:01 | Research | Feudal Age |
| 9:35 | Create | Villager (Male) |
| 9:35 | Create | Villager (Male) |
| 10:17 | Create | Villager (Male) |
| 10:18 | Create | Villager (Male) |
| 10:51 | Create | Villager (Male) |
| 11:11 | Age | Feudal Age |
| 11:12 | Create | Villager (Male) |
| 11:12 | Create | Villager (Male) |
| 11:18 | Build | Market |
| 11:21 | Build | Blacksmith |
| 11:32 | Create | Villager (Male) |
| 11:41 | Create | Villager (Male) |
| 11:41 | Create | Villager (Male) |
| 12:07 | Research | Double-Bit Axe |
| 12:08 | Research | Horse Collar |
| 12:35 | Research | Castle Age |
| 12:48 | Build | Lumber Camp |
| 13:13 | Research | Horse Collar |
| 13:20 | Build | Farm |
| 13:21 | Build | Farm |
| 13:21 | Build | Farm |
| 13:21 | Build | Farm |
| 13:22 | Build | Farm |
| 13:22 | Build | Farm |
| 13:22 | Build | Farm |
| 13:22 | Build | Farm |
| 13:35 | Build | House |
| 13:36 | Build | House |
| 14:45 | Build | Barracks |
| 14:51 | Build | Mining Camp |
| 14:56 | Research | Scale Barding Armor |
| 14:58 | Create | Villager (Male) |
| 14:58 | Create | Villager (Male) |
| 15:06 | Build | House |
| 15:14 | Age | Castle Age |
| 15:19 | Build | Stable |
| 15:28 | Build | Town Center |
| 15:32 | Create | Villager (Male) |
| 16:09 | Create | Villager (Male) |
| 16:18 | Create | Knight |
| 16:28 | Research | Gold Mining |
| 16:30 | Create | Villager (Male) |
| 16:35 | Build | Farm |
| 16:37 | Build | Farm |
| 16:38 | Build | Farm |
| 16:41 | Create | Villager (Male) |
| 16:41 | Create | Villager (Male) |
| 16:44 | Create | Villager (Male) |
| 16:44 | Create | Villager (Male) |
| 16:51 | Build | Farm |
| 17:06 | Create | Knight |
| 17:07 | Create | Villager (Male) |
| 17:07 | Create | Villager (Male) |
| 17:14 | Build | Farm |
| 17:24 | Create | Villager (Male) |
| 17:24 | Create | Villager (Male) |
| 17:34 | Create | Villager (Male) |
| 17:34 | Create | Villager (Male) |
| 17:51 | Create | Villager (Male) |
| 17:52 | Create | Villager (Male) |
| 18:04 | Build | Town Center |
| 18:06 | Create | Villager (Male) |
| 18:06 | Create | Villager (Male) |
| 18:34 | Research | Bow Saw |
| 18:40 | Build | Farm |
| 18:46 | Build | Farm |
| 18:47 | Create | Villager (Male) |
| 18:47 | Create | Villager (Male) |
| 18:50 | Build | Farm |
| 18:54 | Create | Villager (Male) |
| 18:54 | Create | Villager (Male) |
| 19:15 | Create | Villager (Male) |
| 19:16 | Create | Villager (Male) |
| 19:26 | Create | Villager (Male) |
| 19:27 | Create | Villager (Male) |
| 19:35 | Build | Farm |
| 19:35 | Create | Villager (Male) |
| 19:36 | Create | Villager (Male) |
| 19:38 | Build | Farm |
| 19:38 | Build | Farm |
| 19:38 | Build | Farm |
| 19:46 | Create | Villager (Male) |
| 19:46 | Create | Villager (Male) |
| 19:54 | Build | Mill |
| 19:54 | Build | Farm |
| 19:54 | Build | Farm |
| 19:55 | Build | Farm |
| 19:55 | Build | Farm |
| 19:55 | Build | Farm |
| 19:56 | Build | Farm |
| 19:56 | Build | Farm |
| 19:56 | Build | Farm |
| 19:57 | Build | Farm |
| 19:57 | Build | Farm |
| 20:04 | Create | Villager (Male) |
| 20:04 | Create | Villager (Male) |
| 20:04 | Create | Villager (Male) |
| 20:10 | Create | Villager (Male) |
| 20:10 | Create | Villager (Male) |
| 20:39 | Create | Villager (Male) |
| 20:39 | Create | Villager (Male) |
| 20:40 | Create | Villager (Male) |
| 20:46 | Create | Villager (Male) |
| 20:46 | Create | Villager (Male) |
| 20:47 | Create | Villager (Male) |
| 20:57 | Create | Villager (Male) |
Build order — King Cani
First 150 of 377 actions detected
| 0:01 | Create | Villager (Male) |
| 0:01 | Create | Villager (Male) |
| 0:01 | Create | Villager (Male) |
| 0:02 | Build | House |
| 0:03 | Build | House |
| 0:24 | Research | Loom |
| 0:39 | Create | Villager (Male) |
| 0:39 | Create | Villager (Male) |
| 0:53 | Create | Villager (Male) |
| 1:07 | Build | Palisade Wall |
| 1:17 | Build | Palisade Wall |
| 1:49 | Build | Lumber Camp |
| 1:49 | Create | Villager (Male) |
| 2:08 | Build | Palisade Wall |
| 2:35 | Create | Villager (Male) |
| 2:36 | Create | Villager (Male) |
| 3:03 | Create | Villager (Male) |
| 3:31 | Create | Villager (Male) |
| 3:57 | Build | House |
| 4:04 | Create | Villager (Male) |
| 4:04 | Create | Villager (Male) |
| 4:53 | Create | Villager (Male) |
| 4:53 | Create | Villager (Male) |
| 5:21 | Create | Villager (Male) |
| 5:40 | Build | Mill |
| 5:58 | Create | Villager (Male) |
| 6:28 | Create | Villager (Male) |
| 7:08 | Research | Feudal Age |
| 7:38 | Build | House |
| 8:35 | Create | Villager (Male) |
| 8:55 | Build | Dock |
| 9:18 | Age | Feudal Age |
| 9:20 | Build | Stone Wall |
| 9:39 | Build | Stone Wall |
| 9:45 | Create | Villager (Male) |
| 9:45 | Create | Villager (Male) |
| 9:48 | Create | Villager (Male) |
| 9:49 | Create | Fishing Ship |
| 9:51 | Build | House |
| 9:52 | Create | Villager (Male) |
| 10:04 | Build | Watch Tower |
| 10:17 | Create | Villager (Male) |
| 10:28 | Create | Fishing Ship |
| 10:31 | Create | Villager (Male) |
| 10:32 | Create | Villager (Male) |
| 10:50 | Research | Double-Bit Axe |
| 11:27 | Create | Villager (Male) |
| 11:40 | Build | Mining Camp |
| 11:45 | Create | Fishing Ship |
| 12:16 | Build | House |
| 12:20 | Build | House |
| 12:23 | Build | House |
| 12:34 | Research | Tech 906 |
| 12:55 | Create | Villager (Male) |
| 13:06 | Build | Market |
| 13:16 | Create | Villager (Male) |
| 13:37 | Create | Villager (Male) |
| 13:44 | Build | Blacksmith |
| 13:49 | Create | Villager (Male) |
| 14:12 | Build | Mining Camp |
| 14:14 | Research | Castle Age |
| 14:14 | Research | Castle Age |
| 14:29 | Create | Fishing Ship |
| 14:40 | Research | Stone Mining |
| 14:44 | Build | House |
| 16:54 | Age | Castle Age |
| 17:07 | Create | Villager (Male) |
| 17:22 | Build | Castle |
| 17:34 | Research | Fletching |
| 17:34 | Create | Villager (Male) |
| 17:39 | Create | Fishing Ship |
| 17:40 | Research | Gillnets |
| 18:06 | Build | House |
| 18:12 | Create | Villager (Male) |
| 18:22 | Build | Fish Trap |
| 18:29 | Create | Genoese Crossbowman |
| 18:33 | Create | Villager (Male) |
| 18:45 | Create | Petard |
| 18:46 | Create | Genoese Crossbowman |
| 19:05 | Create | Villager (Male) |
| 19:09 | Build | Fish Trap |
| 19:17 | Create | Villager (Male) |
| 19:25 | Create | Genoese Crossbowman |
| 19:34 | Build | House |
| 19:39 | Create | Genoese Crossbowman |
| 19:56 | Create | Villager (Male) |
| 20:03 | Create | Villager (Male) |
| 20:23 | Create | Villager (Male) |
| 20:31 | Create | Villager (Male) |
| 20:37 | Build | Fish Trap |
| 20:38 | Create | Fishing Ship |
| 20:45 | Research | Horse Collar |
| 20:45 | Create | Villager (Male) |
| 21:07 | Build | Gate |
| 21:17 | Build | Farm |
| 21:17 | Build | Farm |
| 21:18 | Create | Fishing Ship |
| 21:21 | Build | Fish Trap |
| 21:23 | Build | Fish Trap |
| 21:32 | Build | Lumber Camp |
| 21:49 | Create | Villager (Male) |
| 21:51 | Build | Farm |
| 21:54 | Build | Farm |
| 21:54 | Build | Farm |
| 22:02 | Build | Fish Trap |
| 22:14 | Create | Villager (Male) |
| 22:15 | Build | Fish Trap |
| 22:20 | Build | Dock |
| 22:40 | Research | Bow Saw |
| 22:53 | Build | University |
| 22:53 | Create | Villager (Male) |
| 23:06 | Create | Fishing Ship |
| 23:07 | Create | Villager (Male) |
| 23:13 | Create | Fishing Ship |
| 23:19 | Build | House |
| 23:21 | Build | House |
| 23:27 | Create | Fishing Ship |
| 23:37 | Create | Fishing Ship |
| 23:37 | Create | Fishing Ship |
| 23:44 | Create | Villager (Male) |
| 23:45 | Create | Villager (Male) |
| 23:51 | Build | Fish Trap |
| 24:05 | Create | Fishing Ship |
| 24:06 | Build | Fish Trap |
| 24:12 | Build | House |
| 24:13 | Create | Villager (Male) |
| 24:25 | Build | Monastery |
| 24:33 | Build | Fish Trap |
| 24:37 | Build | Fish Trap |
| 24:59 | Build | House |
| 25:08 | Create | Villager (Male) |
| 25:16 | Create | Fishing Ship |
| 25:17 | Create | Villager (Male) |
| 25:19 | Build | Fish Trap |
| 25:21 | Build | Fish Trap |
| 25:24 | Build | House |
| 25:28 | Create | Fishing Ship |
| 25:35 | Build | Barracks |
| 26:14 | Build | Fish Trap |
| 26:18 | Build | Fish Trap |
| 26:19 | Create | Fishing Ship |
| 26:20 | Create | Fishing Ship |
| 26:20 | Research | Imperial Age |
| 26:54 | Build | Lumber Camp |
| 26:56 | Build | Archery Range |
| 26:59 | Research | Ballistics |
| 27:00 | Research | Bodkin Arrow |
| 27:00 | Create | Villager (Male) |
| 27:00 | Create | Villager (Male) |
| 27:07 | Build | Fish Trap |
Build order — Angel_LeAr
First 150 of 481 actions detected
| 0:01 | Create | Villager (Male) |
| 0:01 | Create | Villager (Male) |
| 0:01 | Create | Villager (Male) |
| 0:01 | Create | Villager (Male) |
| 0:02 | Build | House |
| 0:04 | Build | House |
| 0:38 | Create | Villager (Male) |
| 0:39 | Research | Loom |
| 0:39 | Create | Villager (Male) |
| 0:40 | Create | Villager (Male) |
| 2:36 | Create | Villager (Male) |
| 2:36 | Create | Villager (Male) |
| 2:36 | Create | Villager (Male) |
| 2:51 | Create | Villager (Male) |
| 2:51 | Create | Villager (Male) |
| 3:06 | Build | Palisade Wall |
| 3:21 | Build | Palisade Wall |
| 3:25 | Build | Palisade Wall |
| 3:34 | Build | House |
| 3:35 | Create | Villager (Male) |
| 3:48 | Create | Villager (Male) |
| 3:48 | Create | Villager (Male) |
| 4:27 | Build | Lumber Camp |
| 4:28 | Create | Villager (Male) |
| 4:28 | Create | Villager (Male) |
| 4:54 | Create | Villager (Male) |
| 4:55 | Create | Villager (Male) |
| 5:10 | Create | Villager (Male) |
| 5:10 | Create | Villager (Male) |
| 5:52 | Create | Villager (Male) |
| 6:01 | Create | Villager (Male) |
| 6:04 | Create | Villager (Male) |
| 6:06 | Create | Villager (Male) |
| 6:49 | Build | Mill |
| 7:16 | Build | House |
| 7:30 | Create | Villager (Male) |
| 7:30 | Create | Villager (Male) |
| 7:40 | Build | Mining Camp |
| 8:00 | Create | Villager (Male) |
| 8:00 | Create | Villager (Male) |
| 8:01 | Create | Villager (Male) |
| 8:06 | Create | Villager (Male) |
| 8:31 | Create | Villager (Male) |
| 8:56 | Research | Feudal Age |
| 8:56 | Research | Feudal Age |
| 9:46 | Build | Barracks |
| 9:59 | Create | Villager (Male) |
| 10:31 | Create | Villager (Male) |
| 10:43 | Create | Villager (Male) |
| 10:56 | Build | House |
| 11:06 | Age | Feudal Age |
| 11:12 | Research | Double-Bit Axe |
| 11:14 | Create | Villager (Male) |
| 11:18 | Build | Archery Range |
| 11:45 | Create | Villager (Male) |
| 11:53 | Build | House |
| 11:54 | Create | Villager (Male) |
| 12:00 | Build | House |
| 12:04 | Build | House |
| 12:05 | Build | Palisade Wall |
| 12:14 | Create | Archer |
| 12:20 | Build | House |
| 12:22 | Create | Villager (Male) |
| 12:32 | Build | House |
| 12:44 | Create | Archer |
| 12:51 | Create | Archer |
| 13:09 | Create | Archer |
| 13:09 | Create | Archer |
| 13:12 | Create | Archer |
| 13:14 | Create | Villager (Male) |
| 13:17 | Build | Palisade Wall |
| 13:20 | Build | Blacksmith |
| 13:23 | Create | Villager (Male) |
| 13:27 | Build | Palisade Wall |
| 13:28 | Build | Palisade Wall |
| 13:44 | Create | Villager (Male) |
| 13:44 | Create | Villager (Male) |
| 13:58 | Create | Villager (Male) |
| 14:16 | Create | Villager (Male) |
| 14:17 | Create | Villager (Male) |
| 14:51 | Create | Villager (Male) |
| 14:51 | Create | Villager (Male) |
| 14:52 | Create | Archer |
| 14:52 | Create | Archer |
| 15:26 | Build | Archery Range |
| 15:27 | Create | Villager (Male) |
| 15:31 | Build | House |
| 15:39 | Create | Villager (Male) |
| 15:41 | Build | Farm |
| 15:41 | Build | Farm |
| 15:42 | Build | Farm |
| 15:43 | Build | Farm |
| 16:03 | Build | House |
| 16:04 | Build | Stone Wall |
| 16:13 | Build | House |
| 16:14 | Create | Villager (Male) |
| 16:15 | Create | Villager (Male) |
| 16:19 | Create | Villager (Male) |
| 16:19 | Create | Villager (Male) |
| 16:31 | Research | Fletching |
| 16:31 | Research | Fletching |
| 16:32 | Create | Villager (Male) |
| 16:39 | Create | Archer |
| 16:39 | Create | Archer |
| 16:47 | Create | Villager (Male) |
| 16:47 | Create | Villager (Male) |
| 16:50 | Build | Farm |
| 16:52 | Build | Farm |
| 16:54 | Build | Farm |
| 17:06 | Research | Horse Collar |
| 17:06 | Research | Horse Collar |
| 17:08 | Create | Archer |
| 17:08 | Create | Archer |
| 17:08 | Create | Archer |
| 17:08 | Create | Villager (Male) |
| 17:18 | Create | Villager (Male) |
| 17:25 | Build | House |
| 17:27 | Build | Farm |
| 17:30 | Create | Archer |
| 17:30 | Create | Archer |
| 17:37 | Build | Farm |
| 17:55 | Create | Archer |
| 17:55 | Create | Archer |
| 18:16 | Build | Farm |
| 18:16 | Create | Villager (Male) |
| 18:19 | Build | Farm |
| 18:20 | Create | Villager (Male) |
| 18:21 | Build | Farm |
| 18:22 | Build | Farm |
| 18:26 | Create | Villager (Male) |
| 18:28 | Create | Archer |
| 18:28 | Create | Archer |
| 18:42 | Create | Archer |
| 18:42 | Create | Archer |
| 18:59 | Create | Villager (Male) |
| 18:59 | Create | Villager (Male) |
| 19:02 | Research | Gold Mining |
| 19:04 | Build | Farm |
| 19:05 | Build | Farm |
| 19:11 | Research | Wheelbarrow |
| 19:13 | Create | Archer |
| 19:13 | Create | Archer |
| 19:38 | Build | Market |
| 19:48 | Create | Archer |
| 19:48 | Create | Archer |
| 21:33 | Create | Archer |
| 21:33 | Create | Archer |
| 21:33 | Create | Archer |
| 21:42 | Research | Castle Age |
| 22:03 | Research | Gold Mining |
Match timeline
| 0:37 | Hebron · wall_segment Palisade Wall x5 |
| 1:07 | King Cani · wall_segment Palisade Wall x6 |
| 1:17 | King Cani · wall_segment Palisade Wall x1 |
| 1:54 | Hebron · wall_segment Palisade Wall x1 |
| 2:08 | King Cani · wall_segment Palisade Wall x2 |
| 3:02 | Quinton_ · wall_segment Palisade Wall x1 |
| 3:06 | Angel_LeAr · wall_segment Palisade Wall x1 |
| 3:10 | Hebron · wall_segment Palisade Wall x1 |
| 3:11 | Hebron · wall_segment Palisade Wall x1 |
| 3:21 | Angel_LeAr · wall_segment Palisade Wall x1 |
| 3:25 | Angel_LeAr · wall_segment Palisade Wall x5 |
| 3:51 | Hebron · wall_segment Palisade Wall x7 |
| 4:29 | Barbecue · first_building Dock |
| 6:30 | Hebron · wall_segment Palisade Wall x1 |
| 6:30 | Quinton_ · first_building Barracks |
| 7:03 | Hebron · wall_segment Palisade Wall x1 |
| 8:55 | 小三輪司機 · first_building Dock |
| 8:55 | King Cani · first_building Dock |
| 9:00 | Hebron · first_building Barracks |
| 9:12 | BF_Xin · first_building Dock |
| 9:18 | King Cani · age_up feudal |
| 9:20 | King Cani · wall_segment Stone Wall x6 |
| 9:22 | Quinton_ · age_up feudal |
| 9:39 | King Cani · wall_segment Stone Wall x1 |
| 9:46 | Angel_LeAr · first_building Barracks |
| 10:43 | 小三輪司機 · age_up feudal |
| 10:56 | Quinton_ · wall_segment Stone Wall x7 |
| 10:58 | Hebron · age_up feudal |
| 11:03 | Quinton_ · wall_segment Stone Wall x3 |
| 11:06 | Angel_LeAr · age_up feudal |
| 11:11 | Snitzelyd · age_up feudal |
| 11:18 | Angel_LeAr · first_building Archery Range |
| 11:28 | Barbecue · age_up feudal |
| 11:47 | BF_Xin · age_up feudal |
| 12:05 | Angel_LeAr · wall_segment Palisade Wall x1 |
| 12:24 | Snitzelyd · first_market_sell 100 wood |
| 12:24 | Barbecue · first_market_sell 100 wood |
| 12:59 | Hebron · first_building Archery Range |
| 13:17 | Angel_LeAr · wall_segment Palisade Wall x1 |
| 13:27 | Angel_LeAr · wall_segment Palisade Wall x1 |
| 13:28 | Angel_LeAr · wall_segment Palisade Wall x1 |
| 14:45 | Snitzelyd · first_building Barracks |
| 14:50 | Quinton_ · first_market_buy 100 food |
| 14:53 | Quinton_ · first_market_sell 100 wood |
| 14:58 | 小三輪司機 · age_up castle |
| 15:06 | Barbecue · wall_segment Palisade Wall x1 |
| 15:07 | Hebron · wall_segment Stone Wall x10 |
| 15:14 | Snitzelyd · age_up castle |
| 15:19 | Snitzelyd · first_building Stable |
| 15:20 | Hebron · wall_segment Stone Wall x8 |
| 15:21 | Barbecue · wall_segment Palisade Wall x1 |
| 15:28 | Barbecue · wall_segment Palisade Wall x10 |
| 15:36 | Barbecue · age_up castle |
| 15:50 | 小三輪司機 · first_building Monastery |
| 15:55 | BF_Xin · age_up castle |
| 16:04 | Angel_LeAr · wall_segment Stone Wall x1 |
| 16:24 | Hebron · wall_segment Stone Wall x6 |
| 16:45 | Hebron · wall_segment Stone Wall x3 |
| 16:54 | King Cani · age_up castle |
| 16:56 | King Cani · first_market_sell 100 wood |
| 17:00 | King Cani · first_market_buy 100 stone |
| 17:12 | BF_Xin · first_market_buy 100 food |
| 17:22 | King Cani · first_building Castle |
| 17:36 | 小三輪司機 · first_market_buy 100 food |
| 17:45 | Quinton_ · wall_segment Stone Wall x12 |
| 17:52 | Quinton_ · wall_segment Stone Wall x5 |
| 18:00 | Quinton_ · wall_segment Stone Wall x4 |
| 18:01 | Quinton_ · age_up castle |
| 18:09 | Quinton_ · wall_segment Stone Wall x4 |
| 18:23 | Quinton_ · first_building Siege Workshop |
| 18:31 | Barbecue · wall_segment Stone Wall x3 |
| 18:55 | BF_Xin · first_market_sell 100 wood |
| 19:11 | Hebron · first_market_buy 100 stone |
| 19:15 | Hebron · wall_segment Stone Wall x7 |
| 19:30 | Quinton_ · first_building Krepost |
| 19:40 | BF_Xin · first_building Monastery |
| 20:23 | Barbecue · wall_segment Stone Wall x6 |
| 20:39 | Quinton_ · wall_segment Stone Wall x12 |
| 20:53 | Quinton_ · wall_segment Stone Wall x6 |
| 22:19 | Quinton_ · wall_segment Stone Wall x14 |
| 22:22 | Barbecue · first_building Monastery |
| 22:51 | Hebron · age_up castle |
| 23:14 | Hebron · first_building Castle |
| 23:35 | Snitzelyd · first_building Monastery |
| 23:47 | Hebron · first_market_sell 100 stone |
| 23:47 | 小三輪司機 · first_building Castle |
| 23:51 | Barbecue · wall_segment Stone Wall x1 |
| 24:22 | Angel_LeAr · age_up castle |
| 24:25 | King Cani · first_building Monastery |
| 25:02 | Barbecue · first_building Castle |
| 25:29 | Hebron · first_building Siege Workshop |
| 25:35 | King Cani · first_building Barracks |
| 25:44 | 小三輪司機 · first_building Barracks |
| 26:10 | Barbecue · first_building Barracks |
| 26:13 | Barbecue · first_market_buy 100 food |
| 26:36 | 小三輪司機 · first_building Stable |
| 26:42 | Snitzelyd · first_building Siege Workshop |
| 26:56 | King Cani · first_building Archery Range |
| 26:58 | Angel_LeAr · first_building Monastery |
| 26:58 | BF_Xin · first_building Castle |
| 27:30 | Barbecue · first_building Stable |
| 27:40 | Barbecue · first_building Archery Range |
| 27:47 | 小三輪司機 · first_building Siege Workshop |
| 28:21 | Barbecue · first_building Siege Workshop |
| 28:25 | BF_Xin · first_building Barracks |
| 28:27 | Angel_LeAr · first_building Siege Workshop |
| 29:12 | BF_Xin · first_building Stable |
| 29:20 | BF_Xin · age_up imperial |
| 29:30 | King Cani · age_up imperial |
| 29:32 | Barbecue · age_up imperial |
| 29:45 | 小三輪司機 · age_up imperial |
| 29:48 | Snitzelyd · age_up imperial |
| 31:03 | Angel_LeAr · first_building Castle |
| 31:22 | Quinton_ · wall_segment Stone Wall x7 |
| 32:15 | 小三輪司機 · tribute_sent a jugador 1 |
| 32:15 | 小三輪司機 · tribute_sent a jugador 2 |
| 32:15 | 小三輪司機 · tribute_sent a jugador 3 |
| 32:15 | 小三輪司機 · tribute_sent a jugador 5 |
| 32:15 | 小三輪司機 · tribute_sent a jugador 6 |
| 32:15 | 小三輪司機 · tribute_sent a jugador 7 |
| 32:15 | 小三輪司機 · tribute_sent a jugador 8 |
| 32:25 | Angel_LeAr · age_up imperial |
| 32:29 | Snitzelyd · first_building Castle |
| 32:54 | Angel_LeAr · first_market_buy 100 food |
| 34:07 | Quinton_ · age_up imperial |
| 34:48 | Hebron · age_up imperial |
| 34:52 | 小三輪司機 · tribute_sent a jugador 1 |
| 34:52 | 小三輪司機 · tribute_sent a jugador 2 |
| 34:52 | 小三輪司機 · tribute_sent a jugador 3 |
| 34:52 | 小三輪司機 · tribute_sent a jugador 5 |
| 34:52 | 小三輪司機 · tribute_sent a jugador 6 |
| 34:52 | 小三輪司機 · tribute_sent a jugador 7 |
| 34:52 | 小三輪司機 · tribute_sent a jugador 8 |
| 35:43 | Angel_LeAr · wall_segment Stone Wall x1 |
| 36:22 | Snitzelyd · wall_segment Stone Wall x13 |
| 37:28 | Snitzelyd · tribute_sent a jugador 1 |
| 37:28 | Snitzelyd · tribute_sent a jugador 2 |
| 37:28 | Snitzelyd · tribute_sent a jugador 3 |
| 37:28 | Snitzelyd · tribute_sent a jugador 4 |
| 37:28 | Snitzelyd · tribute_sent a jugador 6 |
| 37:28 | Snitzelyd · tribute_sent a jugador 7 |
| 37:28 | Snitzelyd · tribute_sent a jugador 8 |
| 37:44 | BF_Xin · wall_segment Stone Wall x5 |
| 37:50 | Snitzelyd · wall_segment Stone Wall x11 |
| 38:08 | BF_Xin · wall_segment Stone Wall x7 |
| 38:38 | 小三輪司機 · tribute_sent a jugador 1 |
| 38:38 | 小三輪司機 · tribute_sent a jugador 2 |
| 38:38 | 小三輪司機 · tribute_sent a jugador 3 |
| 38:38 | 小三輪司機 · tribute_sent a jugador 5 |
| 38:38 | 小三輪司機 · tribute_sent a jugador 6 |
| 38:38 | 小三輪司機 · tribute_sent a jugador 7 |
| 38:38 | 小三輪司機 · tribute_sent a jugador 8 |
| 40:07 | BF_Xin · wall_segment Stone Wall x8 |
| 40:25 | Snitzelyd · tribute_sent a jugador 1 |
| 40:25 | Snitzelyd · tribute_sent a jugador 2 |
| 40:25 | Snitzelyd · tribute_sent a jugador 3 |
| 40:25 | Snitzelyd · tribute_sent a jugador 4 |
| 40:25 | Snitzelyd · tribute_sent a jugador 6 |
| 40:25 | Snitzelyd · tribute_sent a jugador 7 |
| 40:25 | Snitzelyd · tribute_sent a jugador 8 |
| 40:54 | Hebron · wall_segment Stone Wall x1 |
| 41:40 | Barbecue · tribute_sent a jugador 1 |
| 41:40 | Barbecue · tribute_sent a jugador 2 |
| 41:40 | Barbecue · tribute_sent a jugador 3 |
| 41:40 | Barbecue · tribute_sent a jugador 4 |
| 41:40 | Barbecue · tribute_sent a jugador 5 |
| 41:40 | Barbecue · tribute_sent a jugador 7 |
| 41:40 | Barbecue · tribute_sent a jugador 8 |
| 41:47 | BF_Xin · tribute_sent a jugador 1 |
| 41:47 | BF_Xin · tribute_sent a jugador 2 |
| 41:47 | BF_Xin · tribute_sent a jugador 4 |
| 41:47 | BF_Xin · tribute_sent a jugador 5 |
| 41:47 | BF_Xin · tribute_sent a jugador 6 |
| 41:47 | BF_Xin · tribute_sent a jugador 7 |
| 41:47 | BF_Xin · tribute_sent a jugador 8 |
| 42:46 | BF_Xin · wall_segment Palisade Wall x1 |
| 43:12 | King Cani · first_building Siege Workshop |
| 43:52 | BF_Xin · tribute_sent a jugador 1 |
| 43:52 | BF_Xin · tribute_sent a jugador 2 |
| 43:52 | BF_Xin · tribute_sent a jugador 4 |
| 43:52 | BF_Xin · tribute_sent a jugador 5 |
| 43:52 | BF_Xin · tribute_sent a jugador 6 |
| 43:52 | BF_Xin · tribute_sent a jugador 7 |
| 43:52 | BF_Xin · tribute_sent a jugador 8 |
| 45:12 | Snitzelyd · first_market_buy 100 wood |
| 46:22 | BF_Xin · tribute_sent a jugador 1 |
| 46:22 | BF_Xin · tribute_sent a jugador 2 |
| 46:22 | BF_Xin · tribute_sent a jugador 4 |
| 46:22 | BF_Xin · tribute_sent a jugador 5 |
| 46:22 | BF_Xin · tribute_sent a jugador 6 |
| 46:22 | BF_Xin · tribute_sent a jugador 7 |
| 46:22 | BF_Xin · tribute_sent a jugador 8 |
| 46:26 | Angel_LeAr · first_building Stable |
| 46:29 | Snitzelyd · tribute_sent a jugador 1 |
| 46:29 | Snitzelyd · tribute_sent a jugador 2 |
| 46:29 | Snitzelyd · tribute_sent a jugador 3 |
| 46:29 | Snitzelyd · tribute_sent a jugador 4 |
| 46:29 | Snitzelyd · tribute_sent a jugador 6 |
| 46:29 | Snitzelyd · tribute_sent a jugador 7 |
| 46:29 | Snitzelyd · tribute_sent a jugador 8 |
| 47:06 | Barbecue · wall_segment Stone Wall x3 |
| 48:08 | Angel_LeAr · first_market_sell 100 stone |
| 49:17 | BF_Xin · first_building Siege Workshop |
| 49:28 | Barbecue · wall_segment Stone Wall x9 |
| 49:29 | 小三輪司機 · resign |
[ AI ANALYSIS · 1 CREDIT ]
What really happened in this match?
Wolo.gg analyzes every decision: build order, eco, micro, common mistakes by bracket. Personalized analysis on WhatsApp or Discord in 30 seconds.
Civ guide
Mongols
Perfil
Jugador #12973097